APP
JOHNSON CITY CARDINALS @ GRAND JUNCTION ROCKIES
05/22/2047
 
TOP OF THE 1ST
Johnson City Cardinals batting - Pitching for Grand Junction Rockies : LHP Jason Peck
Pitching: LHP Jason Peck
Batting: RHB Ricky Yerzy 0-0: Called Strike
0-1: Ball
1-1: Called Strike
1-2: Strikes out looking
Batting: LHB Ken Compton 0-0: Ground out U3 (Groundball, 3, EV 91.9 MPH)
Batting: LHB Ken Morehead 0-0: Called Strike
0-1: Foul Ball, location: 2F
0-2: Ball
1-2: Ball
2-2: Ball
3-2: SOLO HOME RUN (Line Drive, 9D, EV 101.9 MPH), Distance : 404 ft
Batting: RHB Steve Hansen 0-0: Ground out 1-3 (Groundball, 13, EV 73.1 MPH)
Top of the 1st over - 1 run, 1 hit, 0 errors, 0 left on base; Johnson City 1 - Grand Junction 0
BOTTOM OF THE 1ST
Grand Junction Rockies batting - Pitching for Johnson City Cardinals : RHP Nick Mistretta
Pitching: RHP Nick Mistretta
Batting: LHB Daniel Green 0-0: Ball
1-0: Ball
2-0: Swinging Strike
2-1: Ball
3-1: Called Strike
3-2: Foul Ball, location: 2F
3-2: Base on Balls
Batting: RHB John Corfield Pickoff Play to 1st, Runner tries for 2nd, OUT after rundown.
0-0: Swinging Strike
0-1: Foul Ball, location: 2F
0-2: Ball
1-2: Foul Ball, location: 2F
1-2: Ball
2-2: Ball
3-2: Base on Balls
Batting: LHB Nick Rooney 0-0: Ball
1-0: Called Strike
1-1: Ball
2-1: Foul Ball, location: 2F
2-2: Strikes out looking
Batting: RHB Ray Insley 0-0: Ball
1-0: Called Strike
John Corfield steals 2nd base
1-1: Called Strike
1-2: 2-RUN HOME RUN (Flyball, 78XD, EV 110.0 MPH), Distance : 434 ft
Batting: RHB Matviy Oliynyk 0-0: Ball
1-0: Ball
2-0: Ball
3-0: Base on Balls
Batting: RHB Zakhar Edelman 0-0: Called Strike
Matviy Oliynyk steals 2nd base
0-1: Fly out, F7 (Flyball, 78D, EV 83.8 MPH)
Bottom of the 1st over - 2 runs, 1 hit, 0 errors, 1 left on base; Johnson City 1 - Grand Junction 2
TOP OF THE 2ND
Johnson City Cardinals batting - Pitching for Grand Junction Rockies : LHP Jason Peck
Batting: RHB Adam Hudson 0-0: SINGLE (Line Drive, 8LS, EV 91.9 MPH)
Batting: RHB McGwire Jones 0-0: Ball
1-0: Ball
2-0: Ball
3-0: Called Strike
3-1: Base on Balls
Adam Hudson to second
Batting: RHB Tim Williams 0-0: Ball
1-0: Ball
2-0: Ball
3-0: Base on Balls
Adam Hudson to third
McGwire Jones to second
Batting: RHB Sam Daw 0-0: Ball
1-0: Ball
2-0: Called Strike
2-1: Ball
3-1: Foul Ball, location: 2F
3-2: Fielders Choice at 2nd, 6-4 (Groundball, 6M, EV 88.8 MPH)
Adam Hudson scores
McGwire Jones to third
Batting: RHB Edgar Klockow 0-0: Ball
1-0: Called Strike
1-1: Ball
2-1: Ball
Sam Daw steals 2nd base
3-1: Called Strike
3-2: Foul Ball, location: 2F
3-2: Strikes out swinging
Batting: RHB Ricky Yerzy 0-0: Ball
1-0: Foul Ball, location: 2F
1-1: Ball
2-1: Swinging Strike
2-2: Strikes out swinging
Top of the 2nd over - 1 run, 1 hit, 0 errors, 2 left on base; Johnson City 2 - Grand Junction 2
BOTTOM OF THE 2ND
Grand Junction Rockies batting - Pitching for Johnson City Cardinals : RHP Nick Mistretta
Batting: SHB Craig Ruzic 0-0: Called Strike
0-1: SINGLE (Groundball, 15S, EV 70.6 MPH) (infield hit)
Batting: RHB T.J. Williams 0-0: Foul Ball, location: 2F
0-1: DOUBLE (Line Drive, 3D, EV 109.4 MPH)
Craig Ruzic to third
Batting: RHB Kevin McKasson 0-0: Called Strike
0-1: Fly out, F8 (Line Drive, 8LD, EV 89.4 MPH)
Runner from 3rd tags up, SCORES, throw by CF
Batting: LHB Daniel Green 0-0: Ball
1-0: Fly out, F7 (Flyball, 78D, EV 78.8 MPH)
Batting: RHB John Corfield 0-0: Ball
1-0: Ball
2-0: Ball
3-0: Base on Balls
Batting: LHB Nick Rooney 0-0: Foul Ball, location: 2F
0-1: Called Strike
0-2: Ball
1-2: Foul Ball, location: 2F
1-2: 3-RUN HOME RUN (Flyball, 89XD, EV 111.9 MPH), Distance : 440 ft
Batting: RHB Ray Insley 0-0: Foul Ball, location: 2F
0-1: Swinging Strike
0-2: Ball
1-2: Ground out 6-3 (Groundball, 6, EV 85.6 MPH)
Bottom of the 2nd over - 4 runs, 3 hits, 0 errors, 0 left on base; Johnson City 2 - Grand Junction 6
TOP OF THE 3RD
Johnson City Cardinals batting - Pitching for Grand Junction Rockies : LHP Jason Peck
Batting: LHB Ken Compton 0-0: Ball
1-0: Foul Ball, location: 2F
1-1: Ball
2-1: Ball
3-1: Foul Ball, location: 2F
3-2: Foul Ball, location: 2F
3-2: Foul Ball, location: 2F
3-2: Foul Ball, location: 2F
3-2: Foul Ball, location: 2F
3-2: Base on Balls
Batting: LHB Ken Morehead 0-0: Foul Ball, location: 2F
0-1: Called Strike
0-2: Ball
1-2: Ball
2-2: Ball
3-2: Fielders Choice at 2nd, 4-6 (Groundball, 34D, EV 103.1 MPH)
Batting: RHB Steve Hansen 0-0: Fielders Choice at 2nd, 4-6 (Groundball, 4M, EV 110.6 MPH)
Batting: RHB Adam Hudson 0-0: Foul Ball, location: 2F
0-1: Swinging Strike
0-2: Strikes out swinging
Top of the 3rd over - 0 runs, 0 hits, 0 errors, 1 left on base; Johnson City 2 - Grand Junction 6
BOTTOM OF THE 3RD
Grand Junction Rockies batting - Pitching for Johnson City Cardinals : RHP Nick Mistretta
Batting: RHB Matviy Oliynyk 0-0: Ball
1-0: Fly out, F9 (Flyball, 9, EV 85.6 MPH)
Batting: RHB Zakhar Edelman 0-0: Called Strike
0-1: Swinging Strike
0-2: Ball
1-2: Ball
2-2: Foul Ball, location: 2F
2-2: Strikes out swinging, 2-3 out at first.
Batting: SHB Craig Ruzic 0-0: Called Strike
0-1: Ball
1-1: Foul Ball, location: 2F
1-2: SOLO HOME RUN (Flyball, 7LD, EV 98.1 MPH), Distance : 358 ft
Pitching: LHP Andy Fitzsimmons
Batting: RHB T.J. Williams 0-0: Foul Ball, location: 2F
0-1: Ball
1-1: Ground out 5-3 (Groundball, 56, EV 86.9 MPH)
Bottom of the 3rd over - 1 run, 1 hit, 0 errors, 0 left on base; Johnson City 2 - Grand Junction 7
TOP OF THE 4TH
Johnson City Cardinals batting - Pitching for Grand Junction Rockies : LHP Jason Peck
Batting: RHB McGwire Jones 0-0: Called Strike
0-1: Foul Ball, location: 2F
0-2: Foul Ball, location: 2F
0-2: Ball
1-2: Ball
2-2: Ball
3-2: DOUBLE (Line Drive, 89D, EV 103.8 MPH)
Batting: RHB Tim Williams 0-0: Ball
1-0: Ball
2-0: Foul Ball, location: 2F
2-1: Swinging Strike
2-2: Ball
3-2: Base on Balls
Batting: RHB Sam Daw 0-0: Called Strike
0-1: Ball
1-1: Swinging Strike
1-2: Strikes out looking
Pitching: RHP David Landa
Batting: RHB Edgar Klockow 0-0: Ball
1-0: Ball
2-0: Foul Ball, location: 2F
2-1: SINGLE (Groundball, 6S, EV 61.2 MPH) (infield hit)
McGwire Jones to third
Tim Williams to second
Batting: RHB Ricky Yerzy 0-0: Called Strike
0-1: Foul Ball, location: 2F
0-2: Ball
1-2: Ball
2-2: SINGLE (Groundball, 56D, EV 101.9 MPH) (infield hit)
McGwire Jones scores
Tim Williams to third
Edgar Klockow to second
Batting: LHB Ken Compton 0-0: Called Strike
0-1: Ball
1-1: Foul Ball, location: 2F
1-2: TRIPLE (Line Drive, 89XD, EV 100.0 MPH)
Tim Williams scores
Edgar Klockow scores
Ricky Yerzy scores
Batting: LHB Ken Morehead 0-0: Ball
1-0: Ball
2-0: Ball
3-0: Called Strike
3-1: Base on Balls
Batting: RHB Steve Hansen 0-0: Called Strike
0-1: Ball
1-1: Fielders Choice at 2nd, 6-4 (Groundball, 56, EV 81.9 MPH)
Ken Compton scores
Batting: RHB Adam Hudson 0-0: Ball
1-0: Called Strike
1-1: Foul Ball, location: 2F
1-2: Ball
2-2: Foul Ball, location: 2F
2-2: SINGLE (Groundball, 6MD, EV 100.0 MPH)
Steve Hansen to second
Batting: RHB McGwire Jones 0-0: Called Strike
0-1: Swinging Strike
0-2: Hit by Pitch
Steve Hansen to third
Adam Hudson to second
Pitching: RHP Josh Blaschke
Batting: RHB Tim Williams 0-0: Ball
1-0: Foul Ball, location: 2F
1-1: Ball
2-1: Foul Ball, location: 2F
2-2: Ball
3-2: Base on Balls
Steve Hansen scores
Adam Hudson to third
McGwire Jones to second
Batting: RHB Sam Daw 0-0: Ball
1-0: Ball
2-0: Called Strike
2-1: Foul Ball, location: 2F
2-2: Foul Ball, location: 2F
2-2: Fly out, F9 (Flyball, 89D, EV 110.6 MPH)
Top of the 4th over - 6 runs, 5 hits, 0 errors, 3 left on base; Johnson City 8 - Grand Junction 7
BOTTOM OF THE 4TH
Grand Junction Rockies batting - Pitching for Johnson City Cardinals : LHP Andy Fitzsimmons
Batting: RHB Kevin McKasson 0-0: Ball
1-0: Called Strike
1-1: Called Strike
1-2: Ball
2-2: Foul Ball, location: 2F
2-2: Ball
3-2: Strikes out swinging
Batting: LHB Daniel Green 0-0: Foul Ball, location: 2F
0-1: Ground out 2-3 (Groundball, 2L, EV 68.1 MPH)
Batting: RHB John Corfield 0-0: Foul Ball, location: 2F
0-1: Ball
1-1: Ball
2-1: Ball
3-1: Base on Balls
Batting: LHB Nick Rooney 0-0: Called Strike
0-1: Ball
1-1: Foul Ball, location: 2F
1-2: Foul Ball, location: 2F
1-2: Strikes out swinging
Bottom of the 4th over - 0 runs, 0 hits, 0 errors, 1 left on base; Johnson City 8 - Grand Junction 7
TOP OF THE 5TH
Johnson City Cardinals batting - Pitching for Grand Junction Rockies : RHP Josh Blaschke
Batting: RHB Edgar Klockow 0-0: Ball
1-0: Ball
2-0: Called Strike
2-1: DOUBLE (Groundball, 5L, EV 96.9 MPH)
Batting: RHB Ricky Yerzy 0-0: Ball
1-0: Ball
2-0: Foul Ball, location: 2F
2-1: DOUBLE (Line Drive, 3D, EV 96.2 MPH)
Edgar Klockow scores
Batting: LHB Ken Compton 0-0: Ball
1-0: Foul Ball, location: 2F
1-1: Ball
2-1: Ball
3-1: Foul Ball, location: 2F
3-2: Base on Balls
Batting: LHB Ken Morehead 0-0: Ball
1-0: Fielders Choice at 2nd, 2-6 (Groundball, 2R, EV 76.9 MPH)
Ricky Yerzy to third
Pitching: RHP Jim Crooks
Batting: RHB Steve Hansen 0-0: Foul Ball, location: 2F
0-1: Ball
1-1: 3-RUN HOME RUN (Flyball, 8RXD, EV 111.9 MPH), Distance : 454 ft
Batting: RHB Adam Hudson 0-0: Called Strike
0-1: Ball
1-1: Ball
2-1: Ground out U3 (Groundball, 34, EV 81.9 MPH)
Batting: RHB McGwire Jones 0-0: Ball
1-0: Called Strike
1-1: Foul Ball, location: 2F
1-2: Foul Ball, location: 2F
1-2: Ball
2-2: Foul Ball, location: 2F
2-2: Strikes out swinging
Top of the 5th over - 4 runs, 3 hits, 0 errors, 0 left on base; Johnson City 12 - Grand Junction 7
BOTTOM OF THE 5TH
Grand Junction Rockies batting - Pitching for Johnson City Cardinals : LHP Andy Fitzsimmons
Batting: RHB Ray Insley 0-0: Ball
1-0: DOUBLE (Line Drive, 78XD, EV 96.9 MPH)
Batting: RHB Matviy Oliynyk 0-0: Foul Ball, location: 2F
0-1: Ball
1-1: Ball
2-1: Ball
3-1: Swinging Strike
3-2: Foul Ball, location: 2F
3-2: Foul Ball, location: 2F
3-2: Strikes out swinging
Batting: RHB Zakhar Edelman 0-0: Called Strike
0-1: Swinging Strike
0-2: Foul Ball, location: 2F
0-2: Ball
1-2: Ball
2-2: Ball
3-2: DOUBLE (Flyball, 89D, EV 91.2 MPH)
Ray Insley scores
Batting: SHB Craig Ruzic 0-0: Ball
1-0: Foul Ball, location: 2F
1-1: Called Strike
1-2: Foul Ball, location: 2F
1-2: Strikes out swinging
Batting: RHB T.J. Williams 0-0: SINGLE (Line Drive, 8RS, EV 92.5 MPH)
Zakhar Edelman to third
Runner from 3rd tries for Home, SAFE, throw by CF to home
Batting: RHB Kevin McKasson 0-0: Ball
1-0: Called Strike
1-1: Ball
2-1: Ball
3-1: Base on Balls
T.J. Williams to second
Pitching: RHP Jeremy Bonita
Batting: LHB Daniel Green 0-0: Ball
1-0: Foul Ball, location: 2F
1-1: Ball
Passed Ball!
T.J. Williams to third
Kevin McKasson to second
2-1: DOUBLE (Line Drive, 89M, EV 110.6 MPH)
T.J. Williams scores
Kevin McKasson scores
Batting: RHB John Corfield 0-0: Ball
1-0: Called Strike
1-1: Foul Ball, location: 2F
1-2: Foul Ball, location: 2F
1-2: Strikes out swinging
Bottom of the 5th over - 4 runs, 4 hits, 0 errors, 1 left on base; Johnson City 12 - Grand Junction 11
TOP OF THE 6TH
Johnson City Cardinals batting - Pitching for Grand Junction Rockies : RHP Jim Crooks
Batting: RHB Tim Williams 0-0: Called Strike
0-1: Ground out 5-3 (Groundball, 56, EV 90.6 MPH)
Batting: RHB Sam Daw 0-0: Called Strike
0-1: Ball
1-1: Ball
2-1: Ball
3-1: Called Strike
3-2: DOUBLE (Flyball, 9LD, EV 93.8 MPH)
Batting: RHB Edgar Klockow 0-0: Ball
1-0: Ground out 5-3 (Groundball, 56S, EV 66.2 MPH)
Sam Daw to third
Batting: RHB Ricky Yerzy 0-0: Called Strike
0-1: Ball
1-1: Foul Ball, location: 2F
1-2: Ball
2-2: 2-RUN HOME RUN (Flyball, 7LD, EV 91.9 MPH), Distance : 338 ft
Pitching: RHP Curt De Kock
Batting: LHB Ken Compton 0-0: Fly out, F8 (Flyball, 8LXD, EV 98.1 MPH)
Top of the 6th over - 2 runs, 2 hits, 0 errors, 0 left on base; Johnson City 14 - Grand Junction 11
BOTTOM OF THE 6TH
Grand Junction Rockies batting - Pitching for Johnson City Cardinals : RHP Jeremy Bonita
Batting: LHB Nick Rooney 0-0: Ball
1-0: Called Strike
1-1: Foul Ball, location: 2F
1-2: Foul Ball, location: 2F
1-2: Ground out 4-3 (Groundball, 4, EV 87.5 MPH)
Batting: RHB Ray Insley 0-0: Ball
1-0: Ball
2-0: Foul Ball, location: 2F
2-1: Ball
3-1: Called Strike
3-2: Ground out 4-3 (Groundball, 4M, EV 108.1 MPH)
Batting: RHB Matviy Oliynyk 0-0: Ball
1-0: Foul Ball, location: 2F
1-1: Ball
2-1: Foul Ball, location: 2F
2-2: Strikes out swinging
Bottom of the 6th over - 0 runs, 0 hits, 0 errors, 0 left on base; Johnson City 14 - Grand Junction 11
TOP OF THE 7TH
Johnson City Cardinals batting - Pitching for Grand Junction Rockies : RHP Curt De Kock
Batting: LHB Ken Morehead 0-0: Ball
1-0: Ball
2-0: Ball
3-0: Called Strike
3-1: Base on Balls
Batting: RHB Steve Hansen 0-0: Fielders Choice at 2nd, 6-4 (Groundball, 6, EV 90.6 MPH)
Batting: RHB Adam Hudson 0-0: Called Strike
0-1: Ball
1-1: Ball
2-1: Swinging Strike
2-2: Foul Ball, location: 2F
2-2: Ground out 4-3 (Groundball, 4S, EV 64.4 MPH)
Steve Hansen to second
Batting: RHB McGwire Jones 0-0: 2-RUN HOME RUN (Flyball, 7D, EV 105.0 MPH), Distance : 391 ft
Batting: RHB Tim Williams 0-0: Ball
1-0: Foul Ball, location: 2F
1-1: Ball
2-1: Ball
3-1: DOUBLE (Line Drive, 7LM, EV 108.1 MPH)
Batting: RHB Sam Daw 0-0: Ball
1-0: Called Strike
1-1: Ball
2-1: Fly out, F8 (Flyball, 89S, EV 78.1 MPH)
Top of the 7th over - 2 runs, 2 hits, 0 errors, 1 left on base; Johnson City 16 - Grand Junction 11
BOTTOM OF THE 7TH
Grand Junction Rockies batting - Pitching for Johnson City Cardinals : RHP Jeremy Bonita
Batting: RHB Zakhar Edelman 0-0: Called Strike
0-1: Swinging Strike
0-2: Ball
1-2: SINGLE (Groundball, 6MS, EV 63.8 MPH) (infield hit)
Pitching: LHP Juan Velez
Batting: SHB Craig Ruzic 0-0: Ball
1-0: Ball
2-0: Called Strike
2-1: Foul Ball, location: 2F
2-2: Strikes out looking
Pitching: RHP Jason Meade
Batting: RHB T.J. Williams 0-0: Ball
1-0: Ball
2-0: Ball
Zakhar Edelman is caught stealing 2nd base 2-4
3-0: Called Strike
3-1: Base on Balls
Batting: RHB Kevin McKasson 0-0: Called Strike
0-1: Fly out, F8 (Flyball, 89D, EV 85.6 MPH)
Bottom of the 7th over - 0 runs, 1 hit, 0 errors, 1 left on base; Johnson City 16 - Grand Junction 11
TOP OF THE 8TH
Johnson City Cardinals batting - Pitching for Grand Junction Rockies : RHP Curt De Kock
Batting: RHB Edgar Klockow 0-0: Ball
1-0: Ball
2-0: Called Strike
2-1: Ball
3-1: Called Strike
3-2: Foul Ball, location: 2F
3-2: Strikes out swinging
Batting: RHB Ricky Yerzy 0-0: Foul Ball, location: 2F
0-1: Called Strike
0-2: Foul Ball, location: 2F
0-2: Ball
1-2: Ball
2-2: Ball
3-2: Base on Balls
Pitching: RHP Bobby Servin
Batting: LHB Ken Compton 0-0: Called Strike
Ricky Yerzy steals 2nd base
0-1: Ball
1-1: Hit by Pitch
Batting: LHB Ken Morehead 0-0: Ball
1-0: Called Strike
1-1: Ball
2-1: Swinging Strike
2-2: Strikes out looking
Batting: RHB Steve Hansen 0-0: Ball
1-0: Ball
2-0: Foul Ball, location: 2F
2-1: SINGLE (Flyball, 5D, EV 85.6 MPH)
Ricky Yerzy to third
Ken Compton to second
Batting: RHB Adam Hudson 0-0: Ball
1-0: Called Strike
1-1: Ball
2-1: Ball
3-1: SINGLE (Groundball, 6MD, EV 105.0 MPH)
Ricky Yerzy scores
Ken Compton to third
Steve Hansen to second
Runner from 3rd tries for Home, throw by CF and OUT! 8-2
Top of the 8th over - 1 run, 2 hits, 0 errors, 2 left on base; Johnson City 17 - Grand Junction 11
BOTTOM OF THE 8TH
Grand Junction Rockies batting - Pitching for Johnson City Cardinals : RHP Jason Meade
Batting: LHB Daniel Green 0-0: Fly out, F9 (Line Drive, 9S, EV 98.1 MPH)
Batting: RHB John Corfield 0-0: Ball
1-0: Ball
2-0: SINGLE (Groundball, 6MD, EV 98.8 MPH)
Batting: LHB Nick Rooney 0-0: Ball
1-0: Foul Ball, location: 2F
1-1: Foul Ball, location: 2F
1-2: Foul Ball, location: 2F
1-2: Fielders Choice at 2nd, 6-4 (Groundball, 6, EV 77.5 MPH)
Batting: RHB Ray Insley 0-0: Ball
Wild Pitch!
Nick Rooney to second
1-0: Ground out 2-3 (Groundball, 2L, EV 77.5 MPH)
Bottom of the 8th over - 0 runs, 1 hit, 0 errors, 1 left on base; Johnson City 17 - Grand Junction 11
TOP OF THE 9TH
Johnson City Cardinals batting - Pitching for Grand Junction Rockies : RHP Bobby Servin
Batting: RHB McGwire Jones 0-0: Swinging Strike
0-1: Foul Ball, location: 2F
0-2: Ball
1-2: Strikes out swinging
Batting: RHB Tim Williams 0-0: Ball
1-0: Called Strike
1-1: Foul Ball, location: 2F
1-2: Ball
2-2: Ball
3-2: Strikes out swinging
Batting: RHB Sam Daw 0-0: Hit by Pitch
Batting: RHB Edgar Klockow 0-0: Swinging Strike
0-1: Foul Ball, location: 2F
0-2: DOUBLE (Line Drive, 78M, EV 95.6 MPH)
Sam Daw to third
Batting: RHB Ricky Yerzy 0-0: Ground out U3 (Groundball, 3S, EV 69.4 MPH)
Top of the 9th over - 0 runs, 1 hit, 0 errors, 2 left on base; Johnson City 17 - Grand Junction 11
BOTTOM OF THE 9TH
Grand Junction Rockies batting - Pitching for Johnson City Cardinals : RHP Jason Meade
Batting: RHB Matviy Oliynyk 0-0: Ball
1-0: Called Strike
1-1: Ball
2-1: DOUBLE (Line Drive, 89D, EV 106.2 MPH)
Batting: RHB Zakhar Edelman 0-0: Ball
1-0: Ball
2-0: Ball
3-0: Base on Balls
Pitching: RHP Steve Pierson
Batting: SHB Craig Ruzic 0-0: SINGLE (Line Drive, 6D, EV 103.1 MPH)
Matviy Oliynyk to third
Zakhar Edelman to second
Batting: RHB T.J. Williams 0-0: Called Strike
0-1: Grounds into fielders choice 1-2 (Groundball, 15S, EV 63.8 MPH)
Zakhar Edelman to third
Craig Ruzic to second
Pinch Hitting: LHB Jason Ryan 0-0: Ball
1-0: Called Strike
1-1: Called Strike
1-2: Ball
2-2: Grounds out, U3 (Groundball, 3L, EV 101.2 MPH)
Zakhar Edelman scores
Craig Ruzic to third
Batting: LHB Daniel Green 0-0: Called Strike
0-1: Swinging Strike
0-2: Foul Ball, location: 2F
0-2: Strikes out swinging
Bottom of the 9th over - 1 run, 2 hits, 0 errors, 2 left on base; Johnson City 17 - Grand Junction 12
Thursday, December 15th , 2022 - OOTP Baseball 23.9 Build 102